 Dungeon Crawl Stone Soup version 0.18-a0-1778-gadce9fa (webtiles) character file.

114 Chiseanne the Skirmisher (level 4, 0/37 HPs)
             Began as a Demonspawn Monk on Apr 16, 2016.
             Slain by a gnoll
             ... wielding a +0 whip
              (6 damage)
             ... on level 2 of the Dungeon.
             The game lasted 00:04:59 (1960 turns).

Chiseanne the Skirmisher (Demonspawn Monk)          Turns: 1960, Time: 00:05:00

Health: 0/37       AC:  8    Str: 11    XL:     4   Next: 66%
Magic:  4/4        EV: 10    Int: 11    God:
Gold:   112        SH:  4    Dex: 19    Spells: 0 memorised, 3 levels left

rFire  . . .     SeeInvis .     e - +3 dagger (pain)
rCold  . . .     Gourm    .     g - +1 scale mail
rNeg   . . .     Faith    .     j - +0 buckler
rPois  .         Spirit   .     (no helmet)
rElec  .         Dismiss  .     (no cloak)
rCorr  .         Reflect  .     (no gloves)
SustAt .         Harm     .     p - +0 pair of boots
MR     .....                    (no amulet)
Stlth  +.........               (no ring)
                                (no ring)

@: not resistant to hostile enchantments, very unstealthy
A: claws 1, thin skeletal structure 1
a: no special abilities


You were on level 2 of the Dungeon.
You were hungry.

You visited 1 branch of the dungeon, and saw 3 of its levels.

You collected 112 gold pieces.

Inventory:

Hand Weapons
 e - a +3 dagger of pain (weapon)
Missiles
 d - 33 arrows
 i - 8 javelins (quivered)
 k - 27 bolts
Armour
 g - a +1 scale mail (worn)
 j - a +0 buckler (worn)
 p - a +0 pair of boots (worn)
Scrolls
 q - a scroll of recharging {unknown}
Potions
 a - a potion of heal wounds
 f - a potion of mutation {unknown}
 m - a potion of haste {unknown}
 n - a potion of curing
Comestibles
 b - a bread ration
 c - 2 slices of pizza
 h - a chunk of flesh
 l - a meat ration
 o - a beef jerky


   Skills:
 * Level 4.0 Fighting
 * Level 1.1 Armour
 * Level 3.6 Dodging
 - Level 1.7 Stealth
 * Level 1.3 Shields
 - Level 3.6 Unarmed Combat


You had 3 spell levels left.
You didn't know any spells.

Dungeon Overview and Level Annotations

Branches:
Dungeon (3/15)

Altars:


Innate Abilities, Weirdness & Mutations

You have sharp fingernails.
You have a somewhat thin skeletal structure (Dex +2, Stealth).


Message History

* * * LOW HITPOINT WARNING * * *
You barely miss the gnoll.
The gnoll is severely wounded.
The gnoll hits you but does no damage.
You hit the gnoll but do no damage.
The gnoll is severely wounded.
The gnoll barely misses you.
You hit the gnoll but do no damage.
The gnoll is severely wounded.
You block the gnoll's attack.
You closely miss the gnoll.
The gnoll is severely wounded.
The gnoll barely misses you.
You hit the gnoll but do no damage.
The gnoll is severely wounded.
The gnoll hits you but does no damage.
You closely miss the gnoll.
The gnoll is severely wounded.
The gnoll hits you with a whip.
You die...

.#..# #.....................#
.#..# #.......#.............#
.#..###.......#.#...........#
.##.............#...........#
.#............###.###########
...#..........###..#
..##.#..###.....<..#
.....##.###....##.##
...####...#.##.g@.#
.#.)#####...####### ......#
###.## ##.##.#####..###
....#......>)..#
..#...##.###...#
..###..#.###...#
..##..........##
..##..........#


You could see a gnoll.

Vanquished Creatures
  4 gnolls (D:2)
  2 adders (D:3)
  2 dart slugs (D:1)
  An orc (D:3)
  8 bats
  2 giant cockroaches (D:1)
  8 goblins
  7 hobgoblins
  4 jackals (D:3)
  5 kobolds
  A giant newt (D:1)
  6 rats
50 creatures vanquished.

Notes
Turn   | Place    | Note
--------------------------------------------------------------
     0 | D:1      | Chiseanne the Demonspawn Monk began the quest for the Orb.
     0 | D:1      | Reached XP level 1. HP: 18/18 MP: 1/1
   229 | D:1      | Gained mutation: You have a somewhat thin skeletal structure (Dex +2, Stealth). [demonic ancestry]
   229 | D:1      | Reached XP level 2. HP: 24/24 MP: 2/2
   605 | D:1      | Gained mutation: You have sharp fingernails. [demonic ancestry]
   605 | D:1      | Reached XP level 3. HP: 26/29 MP: 3/3
  1265 | D:2      | Reached skill level 1 in Armour
  1271 | D:2      | Reached XP level 4. HP: 31/37 MP: 4/4
  1442 | D:3      | Reached skill level 1 in Shields
  1689 | D:3      | Reached skill level 4 in Fighting
  1960 | D:2      | Slain by a gnoll

Vault maps used:
D:1:      minmay_arrival_floating_metal, minmay_cupped
D:2:      serial_forest, infiniplex_forest_lined_ring,
          infiniplex_forest_clump_medium, infiniplex_forest_lined_3_way,
          infiniplex_forest_straight_5, infiniplex_forest_straight_3,
          lemuel_statue_altar

Skill      XL: |  1  2  3  4 |
---------------+-------------+-----
Dodging        | 3 |  3.6
Armour         | 1 |  1.1
Shields        | 1 |  1.3
Fighting       | 4 |  4.0
Stealth        | |  1.7
Unarmed Combat | |  3.6

Action                   |  1- 3 |  4- 6 || total
-------------------------+-------+-------++-------
Melee: Unarmed           |    61 |       ||    61
       Punch             |     1 |       ||     1
       Dagger            |    40 |   101 ||   141
  Use: Scroll            |     4 |     2 ||     6
       Potion            |     2 |       ||     2
 Stab: Sleeping          |     4 |       ||     4
  Eat: Chunk             |     1 |     2 ||     3
Armor: Robe              |     2 |       ||     2
       Ring mail         |    10 |       ||    10
       Scale mail        |    18 |    36 ||    54
Dodge: Dodged            |    48 |    57 ||   105
Block: Buckler           |     5 |    19 ||    24
